Newfoundland Shamrocks vs Erie Otters
Created - Saturday, May 13, 2023 at 07:00
Goals
|
| Newfoundland Shamrocks |
2 |
1 |
1 |
4 |
| Erie Otters |
1 |
0 |
1 |
2 |
|
Shots
|
| Newfoundland Shamrocks |
18 |
9 |
10 |
37 |
| Erie Otters |
11 |
12 |
16 |
39 |
|
1st period
1. Newfoundland Shamrocks , Alex Chiasson 28 (Denis Gurianov 21) at 7:28
2. Erie Otters , Sampo Ranta 22 (Aaron Ness 8, Andy Andreoff 49) at 16:01
3. Newfoundland Shamrocks , Raphael Lavoie 10 (Alex Chiasson 29, Max Comtois 28) at 17:40 (PP)
Penalties :
Ty Ronning (ERO) for High sticking (Minor) at 1:04, Alex Petrovic (ERO) for Tripping (Minor) at 11:17, Adam Clendening (ERO) for Fighting (Major) at 15:48, Jon Merrill (NFS) for Fighting (Major) at 15:48, Trent Frederic (ERO) for Fighting (Major) at 16:08, Denis Gurianov (NFS) for Fighting (Major) at 16:08, Aaron Luchuk (ERO) for Hooking (Minor) at 17:24
2nd period
4. Newfoundland Shamrocks , Denis Gurianov 17 (Alex Chiasson 30, Sean Monahan 19) at 2:31
Penalties :
Sean Monahan (NFS) for Interference (Minor) at 2:48, Trent Frederic (ERO) for Interference (Minor) at 9:01, Riley Barber (NFS) for Goalie Interference (Minor) at 11:33, Nicolas Deslauriers (NFS) for Tripping (Minor) at 19:25
3rd period
5. Erie Otters , Trent Frederic 35 (Alex Newhook 59) at 12:36 (PP)
6. Newfoundland Shamrocks , Ville Heinola 2 (Max Comtois 29, Raphael Lavoie 37) at 18:50 (PP)
Penalties :
Nicolas Deslauriers (NFS) for Hooking (Minor) at 3:01, Alex Gallant (ERO) for Tripping (Minor) at 5:13, Abbott Girduckis (ERO) for Fighting (Major) at 12:20, Sam Poulin (NFS) for Fighting (Major) at 12:20, Sam Poulin (NFS) for instigated a fight (Minor) at 12:20, Sam Poulin (NFS) for instigated a fight (10 Minutes Misconduct) at 12:20, Alec McCrea (ERO) for Tripping (Minor) at 13:42, Alex Petrovic (ERO) for Holding (Minor) at 18:46
Goalie Stats
Dustin Tokarski (NFS), 37 saves from 39 shots - (0.949), W, 9-12-2, 60:00 minutes
Keith Kinkaid (ERO), 33 saves from 37 shots - (0.892), L, 13-12-6, 59:43 minutes
Players Stats for Newfoundland Shamrocks
Player Name G A P +/- PIM S H SB GA TA FO MP PP MP PK MP
------------------------------------------------------------------------------------
Alec Regula 0 0 0 -1 0 0 5 2 0 0 0/0 18:00 0:00 3:03
Alex Chiasson 1 2 3 1 0 3 4 0 0 0 1/2 20:04 5:31 1:16
Denis Gurianov 1 1 2 1 5 6 2 0 2 0 0/0 16:28 4:41 0:01
Drew O'Connor 0 0 0 0 0 0 0 0 0 0 0/0 14:44 0:00 5:09
Dylan Coghlan 0 0 0 1 0 0 1 4 0 0 0/0 22:33 0:00 5:09
Filip Hallander 0 0 0 0 0 1 0 1 0 0 0/0 9:13 0:00 2:00
Jacob Bernard-Docker 0 0 0 0 0 0 1 3 0 1 0/0 17:47 6:24 0:00
Jon Merrill 0 0 0 2 5 0 0 1 0 0 0/0 20:46 0:26 5:09
Max Comtois 0 2 2 0 0 4 0 1 1 0 1/4 18:24 5:31 0:00
Nicolas Deslauriers 0 0 0 0 4 2 2 0 0 1 1/5 17:14 3:51 1:28
Raphael Lavoie 1 1 2 0 0 3 1 0 0 0 9/13 16:42 5:21 0:00
Riley Barber 0 0 0 0 2 8 1 0 0 2 0/0 13:58 4:41 0:00
Sam Poulin 0 0 0 0 17 1 2 0 1 0 0/0 11:58 4:59 0:00
Sean Monahan 0 1 1 1 2 2 2 2 0 0 22/31 18:09 0:13 3:33
Semyon Der-Arguchintsev 0 0 0 0 0 5 0 0 1 0 2/4 11:28 4:41 0:00
Tanner Laczynski 0 0 0 0 0 0 0 0 0 0 4/7 13:08 0:03 2:57
Ville Heinola 1 0 1 0 0 2 0 0 0 1 0/0 16:54 3:51 0:00
Wyatte Wylie 0 0 0 0 0 0 1 0 0 0 0/0 14:11 1:02 3:03
Players Stats for Erie Otters
Player Name G A P +/- PIM S H SB GA TA FO MP PP MP PK MP
------------------------------------------------------------------------------------
Aaron Luchuk 0 0 0 -1 2 0 1 1 0 0 3/8 12:28 0:00 0:51
Aaron Ness 0 1 1 1 0 1 0 2 0 0 0/0 24:22 4:11 4:54
Abbott Girduckis 0 0 0 0 5 1 0 0 0 0 0/5 7:51 0:00 0:00
Adam Brubacher 0 0 0 0 0 0 0 0 0 0 0/0 8:50 0:00 0:09
Adam Clendening 0 0 0 -1 5 1 2 1 1 2 0/0 21:00 4:01 4:47
Alec McCrea 0 0 0 -1 2 1 3 1 0 0 0/0 13:22 0:00 0:00
Alex Biega 0 0 0 0 0 3 1 3 0 1 0/0 23:34 4:01 5:03
Alex Gallant 0 0 0 -1 2 0 0 0 0 0 0/0 11:27 0:00 0:00
Alex Newhook 0 1 1 0 0 3 1 0 0 0 14/34 19:10 4:14 5:01
Alex Petrovic 0 0 0 0 4 4 1 0 0 1 0/0 21:47 4:11 4:08
Alex-Olivier Voyer 0 0 0 0 0 2 1 0 0 0 0/1 8:55 0:00 0:00
Andy Andreoff 0 1 1 0 0 2 1 0 0 0 7/12 20:18 3:58 5:00
Kevin Davis 0 0 0 -1 0 0 3 4 0 1 0/0 15:58 0:00 1:29
Michael Eyssimont 0 0 0 0 0 5 3 1 1 0 1/2 15:41 3:58 0:21
Paul Cotter 0 0 0 0 0 1 0 1 0 0 0/0 19:06 4:14 5:05
Sampo Ranta 1 0 1 0 0 6 2 0 0 0 0/1 15:27 3:58 0:07
Trent Frederic 1 0 1 0 7 7 2 1 2 0 1/2 16:51 4:14 4:05
Ty Ronning 0 0 0 -1 2 2 1 1 1 0 0/1 13:28 0:00 0:00
3 Stars
1 - Alex Chiasson (NFS)
2 - Dustin Tokarski (NFS)
3 - Raphael Lavoie (NFS)
Power Play
Newfoundland Shamrocks - 2 on 7 Attempt(s) - 28.57%
Erie Otters - 1 on 5 Attempt(s) - 20.00%
Penalty Kill
Newfoundland Shamrocks - 4 on 5 Attempt(s) - 80.00%
- Score 0 goal in Penalty Kill
Erie Otters - 5 on 7 Attempt(s) - 71.43%
- Score 0 goal in Penalty Kill
Team Stat
Newfoundland Shamrocks - Hits : 22 - Faceoff Wins : 40 - Blocked Shots : 14 - Penalty Minutes : 35
Erie Otters - Hits : 22 - Faceoff Wins : 26 - Blocked Shots : 16 - Penalty Minutes : 29
Official
Referees : Dave Lewis and Marc Joannette
Linesman : Shane Heyer and Mike Cvik
Game Notes
Adam Clendening and Jon Merrill fight to a draw at 15:48 of 1st period
Trent Frederic beats up Denis Gurianov at 16:08 of 1st period
Abbott Girduckis and Sam Poulin fight to a draw at 12:20 of 3rd period
Newfoundland Shamrocks
5 vs 5 Forward
Center Left Wing Right Wing Time % Phy DF OF
1 Sean Monahan Denis Gurianov Alex Chiasson 40 1 2 2
2 Raphael Lavoie Max Comtois Nicolas Deslauriers 30 1 2 2
3 Tanner Laczynski Drew O'Connor Riley Barber 20 1 2 2
4 Semyon Der-Arguchintsev Filip Hallander Sam Poulin 10 1 2 2
5 vs 5 Defense
Defense Defense Time % Phy DF OF
1 Jon Merrill Dylan Coghlan 40 1 2 2
2 Alec Regula Ville Heinola 30 1 2 2
3 Jacob Bernard-Docker Wyatte Wylie 20 1 2 2
4 Jon Merrill Dylan Coghlan 10 1 2 2
PowerPlay Forward
Center Left Wing Right Wing Time % Phy DF OF
1 Raphael Lavoie Max Comtois Alex Chiasson 60 1 2 2
2 Semyon Der-Arguchintsev Denis Gurianov Riley Barber 40 1 2 2
PowerPlay Defense
Defense Defense Time % Phy DF OF
1 Sam Poulin Jacob Bernard-Docker 60 1 2 2
2 Nicolas Deslauriers Ville Heinola 40 1 2 2
Penalty Kill 4 Players Forward
Center Wing Time % Phy DF OF
1 Sean Monahan Drew O'Connor 60 1 2 2
2 Tanner Laczynski Filip Hallander 40 1 2 2
Penalty Kill 4 Players Defense
Defense Defense Time % Phy DF OF
1 Jon Merrill Dylan Coghlan 60 1 2 2
2 Wyatte Wylie Alec Regula 40 1 2 2
Penalty Kill - 3 Players Forward
Forward Time % Phy DF OF
1 Sean Monahan 60 1 2 2
2 Tanner Laczynski 40 1 2 2
Penalty Kill - 3 Players Defense
Defense Defense Time % Phy DF OF
1 Jon Merrill Dylan Coghlan 60 1 2 2
2 Alec Regula Wyatte Wylie 40 1 2 2
4 vs 4 Forward
Center Wing Time % Phy DF OF
1 Sean Monahan Alex Chiasson 60 1 2 2
2 Semyon Der-Arguchintsev Denis Gurianov 40 1 2 2
4 vs 4 Defense
Defense Defense Time % Phy DF OF
1 Jon Merrill Dylan Coghlan 60 1 2 2
2 Alec Regula Ville Heinola 40 1 2 2
Last Minutes Offensive
Center Left Wing Right Wing Defense Defense
Raphael Lavoie Max Comtois Sam Poulin Jon Merrill Alec Regula
Last Minutes Defensive
Center Left Wing Right Wing Defense Defense
Tanner Laczynski Alex Chiasson Nicolas Deslauriers Jon Merrill Alec Regula
Goaltenders
Starting : Dustin Tokarski
Backup : Louis Domingue
Extra Forwards
Normal : Max Comtois, Sean Monahan, Denis Gurianov - PP : Sean Monahan, Tanner Laczynski - PK : Nicolas Deslauriers
Extra Defensemen
Normal : Alec Regula, Jon Merrill, Dylan Coghlan - PP : Wyatte Wylie - PK : Ville Heinola, Jacob Bernard-Docker
Penalty Shots
Alex Chiasson, Max Comtois, Nicolas Deslauriers, Riley Barber, Filip Hallander
Erie Otters
5 vs 5 Forward
Center Left Wing Right Wing Time % Phy DF OF
1 Alex Newhook Trent Frederic Paul Cotter 30 1 2 2
2 Andy Andreoff Michael Eyssimont Sampo Ranta 30 1 2 2
3 Aaron Luchuk Alex Gallant Ty Ronning 25 1 2 2
4 Abbott Girduckis Adam Brubacher Alex-Olivier Voyer 15 1 2 2
5 vs 5 Defense
Defense Defense Time % Phy DF OF
1 Adam Clendening Alex Biega 35 1 2 2
2 Aaron Ness Alex Petrovic 35 1 2 2
3 Alec McCrea Kevin Davis 30 1 2 2
4 Adam Clendening Alex Biega 0 1 2 2
PowerPlay Forward
Center Left Wing Right Wing Time % Phy DF OF
1 Alex Newhook Trent Frederic Paul Cotter 50 1 2 2
2 Andy Andreoff Michael Eyssimont Sampo Ranta 50 1 2 2
PowerPlay Defense
Defense Defense Time % Phy DF OF
1 Adam Clendening Alex Biega 50 1 2 2
2 Aaron Ness Alex Petrovic 50 1 2 2
Penalty Kill 4 Players Forward
Center Wing Time % Phy DF OF
1 Alex Newhook Trent Frederic 50 1 2 2
2 Andy Andreoff Paul Cotter 50 1 2 2
Penalty Kill 4 Players Defense
Defense Defense Time % Phy DF OF
1 Adam Clendening Alex Biega 50 1 2 2
2 Aaron Ness Alex Petrovic 50 1 2 2
Penalty Kill - 3 Players Forward
Forward Time % Phy DF OF
1 Alex Newhook 50 1 2 2
2 Trent Frederic 50 1 2 2
Penalty Kill - 3 Players Defense
Defense Defense Time % Phy DF OF
1 Adam Clendening Alex Biega 50 1 2 2
2 Aaron Ness Alex Petrovic 50 1 2 2
4 vs 4 Forward
Center Wing Time % Phy DF OF
1 Alex Newhook Trent Frederic 50 1 2 2
2 Andy Andreoff Paul Cotter 50 1 2 2
4 vs 4 Defense
Defense Defense Time % Phy DF OF
1 Adam Clendening Alex Biega 50 1 2 2
2 Aaron Ness Alex Petrovic 50 1 2 2
Last Minutes Offensive
Center Left Wing Right Wing Defense Defense
Alex Newhook Trent Frederic Paul Cotter Adam Clendening Alex Biega
Last Minutes Defensive
Center Left Wing Right Wing Defense Defense
Alex Newhook Trent Frederic Paul Cotter Adam Clendening Alex Biega
Goaltenders
Starting : Keith Kinkaid
Backup : Adam Werner
Extra Forwards
Normal : Ty Ronning, Alex-Olivier Voyer, Aaron Luchuk - PP : Ty Ronning, Alex-Olivier Voyer - PK : Aaron Luchuk
Extra Defensemen
Normal : Aaron Ness, Kevin Davis, Adam Brubacher - PP : Aaron Ness - PK : Kevin Davis, Adam Brubacher
Penalty Shots
Alex Newhook, Trent Frederic, Andy Andreoff, Paul Cotter, Michael Eyssimont
% Time on Ice - Newfoundland Shamrocks
Lines # - Real PCT - Wanted PCT - Time Play
Normal Forward
1 - 32% - 40% - 13:23
2 - 28% - 30% - 11:50
3 - 23% - 20% - 9:35
4 - 16% - 10% - 6:45
Normal Defense
1 - 39% - 40% - 16:14
2 - 32% - 30% - 13:28
3 - 25% - 20% - 10:24
4 - 3% - 10% - 1:27
PP Forward
1 - 54% - 60% - 5:34
2 - 46% - 40% - 4:41
PP Defense
1 - 62% - 60% - 6:24
2 - 38% - 40% - 3:51
PK Forward
1 - 78% - 60% - 6:26
2 - 22% - 40% - 1:46
PK Defense
1 - 63% - 60% - 5:09
2 - 37% - 40% - 3:03
PK3 Forward
1 - 0% - 60%
2 - 0% - 40%
PK3 Defense
1 - 0% - 60%
2 - 0% - 40%
44 Forward
1 - 0% - 60%
2 - 0% - 40%
44 Defense
1 - 0% - 60%
2 - 0% - 40%
Last Minute Offensive - 0:00
Last Minute Defensive - 0:00
Total
Forward - 60:00
Defense - 60:00
|
% Time on Ice - Erie Otters
Lines # - Real PCT - Wanted PCT - Time Play
Normal Forward
1 - 24% - 30% - 10:08
2 - 27% - 30% - 11:20
3 - 27% - 25% - 11:25
4 - 21% - 15% - 8:40
Normal Defense
1 - 35% - 35% - 14:30
2 - 33% - 35% - 13:54
3 - 32% - 30% - 13:09
4 - 0% - 0% - 0:00
PP Forward
1 - 52% - 50% - 4:14
2 - 48% - 50% - 3:58
PP Defense
1 - 49% - 50% - 4:01
2 - 51% - 50% - 4:11
PK Forward
1 - 50% - 50% - 5:08
2 - 50% - 50% - 5:07
PK Defense
1 - 49% - 50% - 5:03
2 - 51% - 50% - 5:12
PK3 Forward
1 - 0% - 50%
2 - 0% - 50%
PK3 Defense
1 - 0% - 50%
2 - 0% - 50%
44 Forward
1 - 0% - 50%
2 - 0% - 50%
44 Defense
1 - 0% - 50%
2 - 0% - 50%
Last Minute Offensive - 0:00
Last Minute Defensive - 0:00
Total
Forward - 60:00
Defense - 60:00
|
Play-by-Play
1st period
0:01 of 1st period - Sean Monahan wins face-off versus Alex Newhook in neutral zone.
0:26 of 1st period - Raphael Lavoie is hit by Adam Clendening and loses puck.
0:31 of 1st period - Snap shot by Sampo Ranta.
0:31 of 1st period - Shot Misses the Net.
0:33 of 1st period - Slapshot by Alex Petrovic.
0:33 of 1st period - Shot Blocked by Dylan Coghlan.
0:49 of 1st period - Wrist shot by Riley Barber.
0:49 of 1st period - Stopped by Keith Kinkaid without a rebound.
0:50 of 1st period - Tanner Laczynski wins face-off versus Abbott Girduckis in Erie Otters zone.
0:57 of 1st period - Snap shot by Riley Barber.
0:57 of 1st period - Stopped by Keith Kinkaid without a rebound.
0:58 of 1st period - Semyon Der-Arguchintsev wins face-off versus Aaron Luchuk in Erie Otters zone.
1:04 of 1st period - Minor Penalty to Ty Ronning for High sticking.
1:05 of 1st period - Alex Newhook wins face-off versus Raphael Lavoie in Erie Otters zone.
3:04 of 1st period - Penalty to Ty Ronning is over, Ty Ronning is back on ice.
3:07 of 1st period - Ty Ronning is hit by Nicolas Deslauriers and loses puck.
3:22 of 1st period - Wrist shot by Abbott Girduckis.
3:22 of 1st period - Shot Misses the Net.
3:24 of 1st period - Slapshot by Alex-Olivier Voyer.
3:24 of 1st period - Shot Misses the Net.
3:26 of 1st period - Wrist shot by Adam Brubacher.
3:26 of 1st period - Deflect By Abbott Girduckis.
3:26 of 1st period - Stopped by Dustin Tokarski without a rebound.
3:27 of 1st period - Tanner Laczynski wins face-off versus Abbott Girduckis in Newfoundland Shamrocks zone.
3:37 of 1st period - Icing by Adam Clendening.
3:38 of 1st period - Sean Monahan wins face-off versus Abbott Girduckis in Erie Otters zone.
3:47 of 1st period - Slapshot by Alex Chiasson.
3:47 of 1st period - Shot Misses the Net.
3:49 of 1st period - Snap shot by Alex Chiasson.
3:49 of 1st period - Deflect By Denis Gurianov.
3:49 of 1st period - Stopped by Keith Kinkaid with a rebound.
4:00 of 1st period - Icing by Alex Biega.
4:01 of 1st period - Alex Newhook wins face-off versus Max Comtois in Erie Otters zone.
4:53 of 1st period - Snap shot by Michael Eyssimont.
4:53 of 1st period - Shot Misses the Net.
4:55 of 1st period - Slapshot by Alec McCrea.
4:55 of 1st period - Stopped by Dustin Tokarski without a rebound.
4:56 of 1st period - Raphael Lavoie wins face-off versus Alex Newhook in Newfoundland Shamrocks zone.
4:56 of 1st period - Raphael Lavoie is hit by Alex Newhook.
5:08 of 1st period - Slapshot by Raphael Lavoie.
5:08 of 1st period - Shot Blocked by Aaron Ness.
5:10 of 1st period - Slapshot by Dylan Coghlan.
5:10 of 1st period - Shot Misses the Net.
5:12 of 1st period - Wrist shot by Max Comtois.
5:12 of 1st period - Stopped by Keith Kinkaid with a rebound.
5:53 of 1st period - Alex Gallant is hit by Riley Barber and loses puck.
6:10 of 1st period - Slapshot by Raphael Lavoie.
6:10 of 1st period - Stopped by Keith Kinkaid with a rebound.
6:14 of 1st period - Wrist shot by Max Comtois.
6:14 of 1st period - Stopped by Keith Kinkaid without a rebound.
6:15 of 1st period - Alex Newhook wins face-off versus Sean Monahan in Erie Otters zone.
6:31 of 1st period - Icing by Paul Cotter.
6:32 of 1st period - Alex Newhook wins face-off versus Nicolas Deslauriers in Erie Otters zone.
6:59 of 1st period - Wrist shot by Andy Andreoff.
6:59 of 1st period - Deflect By Michael Eyssimont.
6:59 of 1st period - Shot Misses the Net.
6:59 of 1st period - Puck is out of play.
7:00 of 1st period - Andy Andreoff wins face-off versus Sean Monahan in Newfoundland Shamrocks zone.
7:26 of 1st period - Snap shot by Denis Gurianov.
7:26 of 1st period - Shot Misses the Net.
7:28 of 1st period - Snap shot by Alex Chiasson.
7:28 of 1st period - Goal by Alex Chiasson - Newfoundland Shamrocks : 1 - Erie Otters : 0.
7:29 of 1st period - Aaron Luchuk wins face-off versus Max Comtois in neutral zone.
7:32 of 1st period - Wrist shot by Ty Ronning.
7:32 of 1st period - Deflect By Alex Gallant.
7:32 of 1st period - Shot Blocked by Dylan Coghlan.
7:32 of 1st period - Puck is out of play.
7:33 of 1st period - Raphael Lavoie wins face-off versus Aaron Luchuk in Newfoundland Shamrocks zone.
7:40 of 1st period - Snap shot by Raphael Lavoie.
7:40 of 1st period - Shot Misses the Net.
8:49 of 1st period - Wrist shot by Alex Newhook.
8:49 of 1st period - Stopped by Dustin Tokarski without a rebound.
8:50 of 1st period - Alex Newhook wins face-off versus Semyon Der-Arguchintsev in Newfoundland Shamrocks zone.
8:55 of 1st period - Snap shot by Alex Newhook.
8:55 of 1st period - Shot Misses the Net.
8:57 of 1st period - Snap shot by Paul Cotter.
8:57 of 1st period - Stopped by Dustin Tokarski with a rebound.
9:46 of 1st period - Snap shot by Drew O'Connor.
9:46 of 1st period - Shot Misses the Net.
10:06 of 1st period - Jon Merrill is hit by Alec McCrea and loses puck.
10:48 of 1st period - Off-side.
10:49 of 1st period - Sean Monahan wins face-off versus Alex Newhook in neutral zone.
10:52 of 1st period - Wrist shot by Sean Monahan.
10:52 of 1st period - Shot Blocked by Trent Frederic.
10:54 of 1st period - Snap shot by Denis Gurianov.
10:54 of 1st period - Shot Blocked by Paul Cotter.
10:56 of 1st period - Snap shot by Denis Gurianov.
10:56 of 1st period - Shot Misses the Net.
10:58 of 1st period - Slapshot by Ville Heinola.
10:58 of 1st period - Stopped by Keith Kinkaid without a rebound.
10:59 of 1st period - Alex Chiasson wins face-off versus Alex Newhook in Erie Otters zone.
11:08 of 1st period - Wrist shot by Alex Chiasson.
11:08 of 1st period - Stopped by Keith Kinkaid without a rebound.
11:09 of 1st period - Raphael Lavoie wins face-off versus Sampo Ranta in Erie Otters zone.
11:17 of 1st period - Minor Penalty to Alex Petrovic for Tripping.
11:18 of 1st period - Raphael Lavoie wins face-off versus Alex Newhook in Erie Otters zone.
11:24 of 1st period - Wrist shot by Alex Chiasson.
11:24 of 1st period - Shot Hit the Post.
12:31 of 1st period - Icing by Nicolas Deslauriers.
12:32 of 1st period - Trent Frederic wins face-off versus Alex Chiasson in Newfoundland Shamrocks zone.
13:17 of 1st period - Penalty to Alex Petrovic is over, Alex Petrovic is back on ice.
13:43 of 1st period - Wrist shot by Alex-Olivier Voyer.
13:43 of 1st period - Stopped by Dustin Tokarski without a rebound.
13:44 of 1st period - Sean Monahan wins face-off versus Abbott Girduckis in Newfoundland Shamrocks zone.
14:07 of 1st period - Andy Andreoff is hit by Alec Regula and loses puck.
14:26 of 1st period - Slapshot by Alex Newhook.
14:26 of 1st period - Stopped by Dustin Tokarski without a rebound.
14:27 of 1st period - Alex Newhook wins face-off versus Sean Monahan in Newfoundland Shamrocks zone.
14:28 of 1st period - Wrist shot by Trent Frederic.
14:28 of 1st period - Shot Misses the Net.
14:54 of 1st period - Nicolas Deslauriers is hit by Sampo Ranta and loses puck.
15:23 of 1st period - Wrist shot by Ty Ronning.
15:23 of 1st period - Stopped by Dustin Tokarski with a rebound.
15:39 of 1st period - Wrist shot by Filip Hallander.
15:39 of 1st period - Shot Blocked by Alec McCrea.
15:41 of 1st period - Snap shot by Semyon Der-Arguchintsev.
15:41 of 1st period - Stopped by Keith Kinkaid without a rebound.
15:42 of 1st period - Alex Newhook wins face-off versus Sean Monahan in Erie Otters zone.
15:48 of 1st period - Adam Clendening and Jon Merrill fight to a draw.
15:48 of 1st period - Penalty to Adam Clendening for Fighting.
15:48 of 1st period - Penalty to Jon Merrill for Fighting.
15:49 of 1st period - Andy Andreoff wins face-off versus Sean Monahan in neutral zone.
15:55 of 1st period - Slapshot by Aaron Ness.
15:55 of 1st period - Stopped by Dustin Tokarski with a rebound.
15:59 of 1st period - Snap shot by Sampo Ranta.
15:59 of 1st period - Shot Misses the Net.
16:01 of 1st period - Slapshot by Sampo Ranta.
16:01 of 1st period - Goal by Sampo Ranta - Newfoundland Shamrocks : 1 - Erie Otters : 1.
16:02 of 1st period - Sean Monahan wins face-off versus Alex Newhook in neutral zone.
16:08 of 1st period - Trent Frederic beats up Denis Gurianov.
16:08 of 1st period - Penalty to Trent Frederic for Fighting.
16:08 of 1st period - Penalty to Denis Gurianov for Fighting.
16:09 of 1st period - Max Comtois wins face-off versus Alex Newhook in Erie Otters zone.
16:43 of 1st period - Wrist shot by Riley Barber.
16:43 of 1st period - Stopped by Keith Kinkaid without a rebound.
16:44 of 1st period - Andy Andreoff wins face-off versus Tanner Laczynski in Erie Otters zone.
16:51 of 1st period - Snap shot by Andy Andreoff.
16:51 of 1st period - Shot Hit the Post.
16:53 of 1st period - Snap shot by Andy Andreoff.
16:53 of 1st period - Stopped by Dustin Tokarski with a rebound.
16:55 of 1st period - Wrist shot by Andy Andreoff.
16:55 of 1st period - Stopped by Dustin Tokarski with a rebound.
17:24 of 1st period - Minor Penalty to Aaron Luchuk for Hooking.
17:25 of 1st period - Raphael Lavoie wins face-off versus Andy Andreoff in Erie Otters zone.
17:30 of 1st period - Snap shot by Alex Chiasson.
17:30 of 1st period - Stopped by Keith Kinkaid with a rebound.
17:32 of 1st period - Snap shot by Alex Chiasson.
17:32 of 1st period - Shot Misses the Net.
17:34 of 1st period - Wrist shot by Alex Chiasson.
17:34 of 1st period - Deflect By Raphael Lavoie.
17:34 of 1st period - Stopped by Keith Kinkaid with a rebound.
17:38 of 1st period - Wrist shot by Alex Chiasson.
17:38 of 1st period - Shot Misses the Net.
17:40 of 1st period - Snap shot by Raphael Lavoie.
17:40 of 1st period - Goal by Raphael Lavoie - Newfoundland Shamrocks : 2 - Erie Otters : 1.
17:41 of 1st period - Sean Monahan wins face-off versus Alex Newhook in neutral zone.
17:50 of 1st period - Wrist shot by Sean Monahan.
17:50 of 1st period - Stopped by Keith Kinkaid with a rebound.
17:52 of 1st period - Backhand shot by Max Comtois.
17:52 of 1st period - Stopped by Keith Kinkaid with a rebound.
18:06 of 1st period - Alex Biega is hit by Dylan Coghlan and loses puck.
18:13 of 1st period - Snap shot by Tanner Laczynski.
18:13 of 1st period - Shot Blocked by Alex Biega.
18:35 of 1st period - Snap shot by Semyon Der-Arguchintsev.
18:35 of 1st period - Stopped by Keith Kinkaid with a rebound.
19:05 of 1st period - Alec McCrea is hit by Alec Regula and loses puck.
19:20 of 1st period - Wrist shot by Drew O'Connor.
19:20 of 1st period - Shot Blocked by Kevin Davis.
19:22 of 1st period - Wrist shot by Riley Barber.
19:22 of 1st period - Stopped by Keith Kinkaid with a rebound.
19:28 of 1st period - Wrist shot by Tanner Laczynski.
19:28 of 1st period - Shot Blocked by Michael Eyssimont.
19:42 of 1st period - Slapshot by Filip Hallander.
19:42 of 1st period - Shot Misses the Net.
19:48 of 1st period - Snap shot by Michael Eyssimont.
19:48 of 1st period - Shot Misses the Net.
19:50 of 1st period - Wrist shot by Michael Eyssimont.
19:50 of 1st period - Shot Blocked by Jacob Bernard-Docker.
Goals for this period are 2 for Newfoundland Shamrocks vs 1 for Erie Otters.
Shots for this period are 18 for Newfoundland Shamrocks vs 11 for Erie Otters.
2nd period
0:01 of 2nd period - Alex Newhook wins face-off versus Sean Monahan in neutral zone.
0:14 of 2nd period - Wrist shot by Alex Newhook.
0:14 of 2nd period - Shot Blocked by Alec Regula.
0:16 of 2nd period - Snap shot by Alex Petrovic.
0:16 of 2nd period - Stopped by Dustin Tokarski with a rebound.
0:51 of 2nd period - Snap shot by Semyon Der-Arguchintsev.
0:51 of 2nd period - Shot Misses the Net.
0:53 of 2nd period - Slapshot by Alec Regula.
0:53 of 2nd period - Shot Blocked by Alex Biega.
0:55 of 2nd period - Snap shot by Semyon Der-Arguchintsev.
0:55 of 2nd period - Stopped by Keith Kinkaid without a rebound.
0:56 of 2nd period - Raphael Lavoie wins face-off versus Alex Newhook in Erie Otters zone.
0:59 of 2nd period - Snap shot by Max Comtois.
0:59 of 2nd period - Stopped by Keith Kinkaid with a rebound.
1:09 of 2nd period - Wrist shot by Alex Newhook.
1:09 of 2nd period - Stopped by Dustin Tokarski without a rebound.
1:10 of 2nd period - Sean Monahan wins face-off versus Alex Newhook in Newfoundland Shamrocks zone.
2:09 of 2nd period - Snap shot by Filip Hallander.
2:09 of 2nd period - Stopped by Keith Kinkaid with a rebound.
2:13 of 2nd period - Snap shot by Semyon Der-Arguchintsev.
2:13 of 2nd period - Shot Misses the Net.
2:21 of 2nd period - Slapshot by Sam Poulin.
2:21 of 2nd period - Deflect By Filip Hallander.
2:21 of 2nd period - Shot Misses the Net.
2:21 of 2nd period - Puck is out of play.
2:22 of 2nd period - Sean Monahan wins face-off versus Aaron Luchuk in Erie Otters zone.
2:23 of 2nd period - Snap shot by Denis Gurianov.
2:23 of 2nd period - Shot Misses the Net.
2:25 of 2nd period - Snap shot by Alex Chiasson.
2:25 of 2nd period - Shot Blocked by Ty Ronning.
2:29 of 2nd period - Wrist shot by Denis Gurianov.
2:29 of 2nd period - Shot Misses the Net.
2:31 of 2nd period - Snap shot by Denis Gurianov.
2:31 of 2nd period - Goal by Denis Gurianov - Newfoundland Shamrocks : 3 - Erie Otters : 1.
2:32 of 2nd period - Sean Monahan wins face-off versus Aaron Luchuk in neutral zone.
2:48 of 2nd period - Minor Penalty to Sean Monahan for Interference.
2:49 of 2nd period - Alex Newhook wins face-off versus Nicolas Deslauriers in Newfoundland Shamrocks zone.
2:53 of 2nd period - Snap shot by Trent Frederic.
2:53 of 2nd period - Stopped by Dustin Tokarski without a rebound.
2:54 of 2nd period - Alex Newhook wins face-off versus Nicolas Deslauriers in Newfoundland Shamrocks zone.
3:05 of 2nd period - Wrist shot by Trent Frederic.
3:05 of 2nd period - Deflect By Dylan Coghlan.
3:05 of 2nd period - Shot Misses the Net.
3:05 of 2nd period - Puck is out of play.
3:06 of 2nd period - Michael Eyssimont wins face-off versus Nicolas Deslauriers in Newfoundland Shamrocks zone.
3:33 of 2nd period - Snap shot by Trent Frederic.
3:33 of 2nd period - Stopped by Dustin Tokarski without a rebound.
3:34 of 2nd period - Nicolas Deslauriers wins face-off versus Alex Newhook in Newfoundland Shamrocks zone.
4:48 of 2nd period - Penalty to Sean Monahan is over, Sean Monahan is back on ice.
5:29 of 2nd period - Jacob Bernard-Docker is hit by Alec McCrea and loses puck.
6:02 of 2nd period - Ty Ronning is hit by Raphael Lavoie and loses puck.
6:13 of 2nd period - Adam Clendening is hit by Alec Regula and loses puck.
6:22 of 2nd period - Adam Clendening is hit by Wyatte Wylie and loses puck.
6:35 of 2nd period - Slapshot by Sean Monahan.
6:35 of 2nd period - Shot Misses the Net.
6:53 of 2nd period - Wrist shot by Sampo Ranta.
6:53 of 2nd period - Stopped by Dustin Tokarski with a rebound.
6:55 of 2nd period - Wrist shot by Trent Frederic.
6:55 of 2nd period - Stopped by Dustin Tokarski with a rebound.
7:29 of 2nd period - Slapshot by Tanner Laczynski.
7:29 of 2nd period - Shot Blocked by Aaron Ness.
7:33 of 2nd period - Wrist shot by Drew O'Connor.
7:33 of 2nd period - Deflect By Riley Barber.
7:33 of 2nd period - Stopped by Keith Kinkaid without a rebound.
7:34 of 2nd period - Alex Newhook wins face-off versus Sean Monahan in Erie Otters zone.
7:34 of 2nd period - Alex Newhook is hit by Denis Gurianov.
7:40 of 2nd period - Paul Cotter is hit by Alex Chiasson and loses puck.
7:59 of 2nd period - Jacob Bernard-Docker is hit by Michael Eyssimont and loses puck.
8:26 of 2nd period - Wrist shot by Nicolas Deslauriers.
8:26 of 2nd period - Stopped by Keith Kinkaid with a rebound.
8:28 of 2nd period - Slapshot by Nicolas Deslauriers.
8:28 of 2nd period - Shot Misses the Net.
8:42 of 2nd period - Off-side.
8:43 of 2nd period - Sean Monahan wins face-off versus Alex-Olivier Voyer in neutral zone.
8:48 of 2nd period - Wrist shot by Sean Monahan.
8:48 of 2nd period - Stopped by Keith Kinkaid with a rebound.
8:50 of 2nd period - Wrist shot by Denis Gurianov.
8:50 of 2nd period - Stopped by Keith Kinkaid without a rebound.
8:51 of 2nd period - Sean Monahan wins face-off versus Alex Newhook in Erie Otters zone.
9:01 of 2nd period - Minor Penalty to Trent Frederic for Interference.
9:02 of 2nd period - Raphael Lavoie wins face-off versus Alex Newhook in Erie Otters zone.
10:57 of 2nd period - Max Comtois is hit by Alex Petrovic and loses puck.
11:01 of 2nd period - Penalty to Trent Frederic is over, Trent Frederic is back on ice.
11:06 of 2nd period - Michael Eyssimont is hit by Sam Poulin and loses puck.
11:23 of 2nd period - Snap shot by Sampo Ranta.
11:23 of 2nd period - Stopped by Dustin Tokarski with a rebound.
11:25 of 2nd period - Snap shot by Trent Frederic.
11:25 of 2nd period - Stopped by Dustin Tokarski with a rebound.
11:29 of 2nd period - Wrist shot by Trent Frederic.
11:29 of 2nd period - Deflect By Sean Monahan.
11:29 of 2nd period - Stopped by Dustin Tokarski without a rebound.
11:30 of 2nd period - Aaron Luchuk wins face-off versus Tanner Laczynski in Newfoundland Shamrocks zone.
11:31 of 2nd period - Snap shot by Ty Ronning.
11:31 of 2nd period - Shot Misses the Net.
11:33 of 2nd period - Minor Penalty to Riley Barber for Goalie Interference.
11:34 of 2nd period - Andy Andreoff wins face-off versus Sean Monahan in Newfoundland Shamrocks zone.
11:41 of 2nd period - Wrist shot by Sampo Ranta.
11:41 of 2nd period - Shot Misses the Net.
11:43 of 2nd period - Slapshot by Aaron Ness.
11:43 of 2nd period - Shot Blocked by Sean Monahan.
11:45 of 2nd period - Snap shot by Michael Eyssimont.
11:45 of 2nd period - Deflect By Sampo Ranta.
11:45 of 2nd period - Shot Blocked by Dylan Coghlan.
11:45 of 2nd period - Puck is out of play.
11:46 of 2nd period - Alex Newhook wins face-off versus Sean Monahan in Newfoundland Shamrocks zone.
13:10 of 2nd period - Adam Clendening is hit by Alex Chiasson.
13:20 of 2nd period - Snap shot by Nicolas Deslauriers.
13:20 of 2nd period - Stopped by Keith Kinkaid with a rebound.
13:33 of 2nd period - Penalty to Riley Barber is over, Riley Barber is back on ice.
13:40 of 2nd period - Wrist shot by Aaron Luchuk.
13:40 of 2nd period - Shot Misses the Net.
13:42 of 2nd period - Slapshot by Alex Biega.
13:42 of 2nd period - Stopped by Dustin Tokarski with a rebound.
13:44 of 2nd period - Slapshot by Adam Clendening.
13:44 of 2nd period - Stopped by Dustin Tokarski with a rebound.
13:46 of 2nd period - Slapshot by Alex Biega.
13:46 of 2nd period - Shot Misses the Net.
13:48 of 2nd period - Slapshot by Adam Clendening.
13:48 of 2nd period - Shot Blocked by Alec Regula.
14:00 of 2nd period - Slapshot by Alec Regula.
14:00 of 2nd period - Shot Blocked by Kevin Davis.
14:17 of 2nd period - Alec McCrea is hit by Sean Monahan and loses puck.
14:26 of 2nd period - Ty Ronning is hit by Alex Chiasson and loses puck.
15:14 of 2nd period - Snap shot by Sampo Ranta.
15:14 of 2nd period - Stopped by Dustin Tokarski with a rebound.
15:35 of 2nd period - Nicolas Deslauriers is hit by Kevin Davis.
15:55 of 2nd period - Alex Newhook is hit by Sam Poulin and loses puck.
16:58 of 2nd period - Wrist shot by Ty Ronning.
16:58 of 2nd period - Shot Blocked by Jon Merrill.
17:26 of 2nd period - Aaron Ness is hit by Alec Regula.
17:48 of 2nd period - Wrist shot by Drew O'Connor.
17:48 of 2nd period - Shot Misses the Net.
18:20 of 2nd period - Icing by Dylan Coghlan.
18:21 of 2nd period - Sean Monahan wins face-off versus Michael Eyssimont in Newfoundland Shamrocks zone.
19:11 of 2nd period - Aaron Luchuk is hit by Nicolas Deslauriers and loses puck.
19:18 of 2nd period - Nicolas Deslauriers is hit by Kevin Davis and loses puck.
19:25 of 2nd period - Minor Penalty to Nicolas Deslauriers for Tripping.
19:26 of 2nd period - Sean Monahan wins face-off versus Andy Andreoff in Newfoundland Shamrocks zone.
19:52 of 2nd period - Jon Merrill is hit by Trent Frederic and loses puck.
Goals for this period are 1 for Newfoundland Shamrocks vs 0 for Erie Otters.
Shots for this period are 9 for Newfoundland Shamrocks vs 12 for Erie Otters.
3rd period
0:01 of 3rd period - Sean Monahan wins face-off versus Alex Newhook in neutral zone.
0:29 of 3rd period - Drew O'Connor is hit by Michael Eyssimont and loses puck.
1:25 of 3rd period - Penalty to Nicolas Deslauriers is over, Nicolas Deslauriers is back on ice.
1:31 of 3rd period - Nicolas Deslauriers is hit by Aaron Luchuk and loses puck.
1:53 of 3rd period - Kevin Davis is hit by Sean Monahan.
1:57 of 3rd period - Snap shot by Ty Ronning.
1:57 of 3rd period - Shot Misses the Net.
1:59 of 3rd period - Slapshot by Ty Ronning.
1:59 of 3rd period - Shot Misses the Net.
2:01 of 3rd period - Wrist shot by Alex Gallant.
2:01 of 3rd period - Shot Blocked by Sean Monahan.
2:11 of 3rd period - Kevin Davis is hit by Alex Chiasson and loses puck.
2:25 of 3rd period - Denis Gurianov is hit by Alec McCrea and loses puck.
2:42 of 3rd period - Wrist shot by Denis Gurianov.
2:42 of 3rd period - Shot Blocked by Kevin Davis.
2:44 of 3rd period - Snap shot by Alex Chiasson.
2:44 of 3rd period - Deflect By Ty Ronning.
2:44 of 3rd period - Shot Misses the Net.
2:44 of 3rd period - Puck is out of play.
2:45 of 3rd period - Andy Andreoff wins face-off versus Raphael Lavoie in Erie Otters zone.
3:01 of 3rd period - Minor Penalty to Nicolas Deslauriers for Hooking.
3:02 of 3rd period - Sean Monahan wins face-off versus Andy Andreoff in Newfoundland Shamrocks zone.
3:42 of 3rd period - Snap shot by Trent Frederic.
3:42 of 3rd period - Stopped by Dustin Tokarski with a rebound.
3:44 of 3rd period - Slapshot by Alex Petrovic.
3:44 of 3rd period - Stopped by Dustin Tokarski without a rebound.
3:45 of 3rd period - Sean Monahan wins face-off versus Alex Newhook in Newfoundland Shamrocks zone.
4:07 of 3rd period - Tanner Laczynski is hit by Sampo Ranta and loses puck.
4:12 of 3rd period - Slapshot by Michael Eyssimont.
4:12 of 3rd period - Stopped by Dustin Tokarski with a rebound.
4:14 of 3rd period - Slapshot by Alex Biega.
4:14 of 3rd period - Shot Misses the Net.
4:16 of 3rd period - Snap shot by Alex Biega.
4:16 of 3rd period - Shot Blocked by Filip Hallander.
5:01 of 3rd period - Penalty to Nicolas Deslauriers is over, Nicolas Deslauriers is back on ice.
5:13 of 3rd period - Minor Penalty to Alex Gallant for Tripping.
5:14 of 3rd period - Alex Newhook wins face-off versus Raphael Lavoie in Erie Otters zone.
6:46 of 3rd period - Icing by Max Comtois.
6:47 of 3rd period - Andy Andreoff wins face-off versus Max Comtois in Newfoundland Shamrocks zone.
7:02 of 3rd period - Adam Clendening is hit by Denis Gurianov and loses puck.
7:13 of 3rd period - Penalty to Alex Gallant is over, Alex Gallant is back on ice.
7:29 of 3rd period - Slapshot by Adam Clendening.
7:29 of 3rd period - Deflect By Alex-Olivier Voyer.
7:29 of 3rd period - Stopped by Dustin Tokarski with a rebound.
7:49 of 3rd period - Tanner Laczynski is hit by Michael Eyssimont.
7:53 of 3rd period - Wrist shot by Michael Eyssimont.
7:53 of 3rd period - Stopped by Dustin Tokarski with a rebound.
7:55 of 3rd period - Snap shot by Andy Andreoff.
7:55 of 3rd period - Shot Misses the Net.
7:57 of 3rd period - Wrist shot by Michael Eyssimont.
7:57 of 3rd period - Stopped by Dustin Tokarski with a rebound.
8:32 of 3rd period - Wyatte Wylie is hit by Kevin Davis and loses puck.
8:55 of 3rd period - Slapshot by Aaron Ness.
8:55 of 3rd period - Shot Misses the Net.
8:57 of 3rd period - Slapshot by Alex Petrovic.
8:57 of 3rd period - Stopped by Dustin Tokarski with a rebound.
8:59 of 3rd period - Wrist shot by Alex-Olivier Voyer.
8:59 of 3rd period - Deflect By Abbott Girduckis.
8:59 of 3rd period - Shot Blocked by Jacob Bernard-Docker.
8:59 of 3rd period - Puck is out of play.
9:00 of 3rd period - Sean Monahan wins face-off versus Alex Newhook in Newfoundland Shamrocks zone.
9:38 of 3rd period - Snap shot by Nicolas Deslauriers.
9:38 of 3rd period - Shot Blocked by Aaron Luchuk.
9:40 of 3rd period - Wrist shot by Riley Barber.
9:40 of 3rd period - Stopped by Keith Kinkaid with a rebound.
9:42 of 3rd period - Snap shot by Riley Barber.
9:42 of 3rd period - Shot Blocked by Adam Clendening.
9:44 of 3rd period - Snap shot by Riley Barber.
9:44 of 3rd period - Stopped by Keith Kinkaid without a rebound.
9:45 of 3rd period - Tanner Laczynski wins face-off versus Alex Newhook in Erie Otters zone.
10:10 of 3rd period - Jacob Bernard-Docker is hit by Andy Andreoff and loses puck.
11:00 of 3rd period - Snap shot by Semyon Der-Arguchintsev.
11:00 of 3rd period - Stopped by Keith Kinkaid without a rebound.
11:01 of 3rd period - Sean Monahan wins face-off versus Andy Andreoff in Erie Otters zone.
11:02 of 3rd period - Wrist shot by Denis Gurianov.
11:02 of 3rd period - Stopped by Keith Kinkaid with a rebound.
11:04 of 3rd period - Snap shot by Denis Gurianov.
11:04 of 3rd period - Shot Misses the Net.
11:06 of 3rd period - Wrist shot by Sean Monahan.
11:06 of 3rd period - Shot Blocked by Alex Biega.
11:08 of 3rd period - Wrist shot by Sean Monahan.
11:08 of 3rd period - Shot Misses the Net.
11:10 of 3rd period - Slapshot by Jon Merrill.
11:10 of 3rd period - Shot Misses the Net.
11:12 of 3rd period - Wrist shot by Alex Chiasson.
11:12 of 3rd period - Shot Misses the Net.
11:16 of 3rd period - Wrist shot by Denis Gurianov.
11:16 of 3rd period - Stopped by Keith Kinkaid with a rebound.
11:49 of 3rd period - Snap shot by Semyon Der-Arguchintsev.
11:49 of 3rd period - Stopped by Keith Kinkaid with a rebound.
11:51 of 3rd period - Slapshot by Alec Regula.
11:51 of 3rd period - Shot Misses the Net.
11:53 of 3rd period - Wrist shot by Sam Poulin.
11:53 of 3rd period - Stopped by Keith Kinkaid with a rebound.
11:55 of 3rd period - Wrist shot by Sam Poulin.
11:55 of 3rd period - Deflect By Semyon Der-Arguchintsev.
11:55 of 3rd period - Shot Misses the Net.
11:55 of 3rd period - Puck is out of play.
11:56 of 3rd period - Alex Newhook wins face-off versus Semyon Der-Arguchintsev in Erie Otters zone.
12:11 of 3rd period - Snap shot by Trent Frederic.
12:11 of 3rd period - Shot Misses the Net.
12:20 of 3rd period - Abbott Girduckis and Sam Poulin fight to a draw.
12:20 of 3rd period - Penalty to Abbott Girduckis for Fighting.
12:20 of 3rd period - Penalty to Sam Poulin for Fighting.
12:20 of 3rd period - Penalty to Sam Poulin for instigated a fight.
12:20 of 3rd period - Penalty to Sam Poulin for instigated a fight.
12:21 of 3rd period - Sean Monahan wins face-off versus Alex Newhook in Newfoundland Shamrocks zone.
12:36 of 3rd period - Slapshot by Trent Frederic.
12:36 of 3rd period - Goal by Trent Frederic - Newfoundland Shamrocks : 3 - Erie Otters : 2.
12:37 of 3rd period - Sean Monahan wins face-off versus Trent Frederic in neutral zone.
13:02 of 3rd period - Raphael Lavoie is hit by Alex Biega and loses puck.
13:07 of 3rd period - Slapshot by Sampo Ranta.
13:07 of 3rd period - Stopped by Dustin Tokarski with a rebound.
13:09 of 3rd period - Snap shot by Michael Eyssimont.
13:09 of 3rd period - Stopped by Dustin Tokarski with a rebound.
13:11 of 3rd period - Slapshot by Michael Eyssimont.
13:11 of 3rd period - Stopped by Dustin Tokarski with a rebound.
13:13 of 3rd period - Snap shot by Sampo Ranta.
13:13 of 3rd period - Shot Misses the Net.
13:15 of 3rd period - Slapshot by Alex Petrovic.
13:15 of 3rd period - Stopped by Dustin Tokarski with a rebound.
13:27 of 3rd period - Snap shot by Ty Ronning.
13:27 of 3rd period - Stopped by Dustin Tokarski without a rebound.
13:28 of 3rd period - Sean Monahan wins face-off versus Ty Ronning in Newfoundland Shamrocks zone.
13:28 of 3rd period - Sean Monahan is hit by Ty Ronning.
13:40 of 3rd period - Wrist shot by Sean Monahan.
13:40 of 3rd period - Shot Blocked by Kevin Davis.
13:42 of 3rd period - Minor Penalty to Alec McCrea for Tripping.
13:43 of 3rd period - Raphael Lavoie wins face-off versus Alex Newhook in Erie Otters zone.
14:25 of 3rd period - Icing by Wyatte Wylie.
14:26 of 3rd period - Semyon Der-Arguchintsev wins face-off versus Alex Newhook in Newfoundland Shamrocks zone.
14:31 of 3rd period - Snap shot by Max Comtois.
14:31 of 3rd period - Shot Misses the Net.
15:42 of 3rd period - Penalty to Alec McCrea is over, Alec McCrea is back on ice.
15:43 of 3rd period - Icing by Alex Petrovic.
15:44 of 3rd period - Andy Andreoff wins face-off versus Raphael Lavoie in Erie Otters zone.
16:01 of 3rd period - Slapshot by Denis Gurianov.
16:01 of 3rd period - Stopped by Keith Kinkaid with a rebound.
16:21 of 3rd period - Dylan Coghlan is hit by Adam Clendening and loses puck.
16:40 of 3rd period - Wrist shot by Jon Merrill.
16:40 of 3rd period - Shot Misses the Net.
17:38 of 3rd period - Snap shot by Sampo Ranta.
17:38 of 3rd period - Stopped by Dustin Tokarski without a rebound.
17:39 of 3rd period - Sean Monahan wins face-off versus Abbott Girduckis in Newfoundland Shamrocks zone.
17:44 of 3rd period - Alex Chiasson is hit by Alex-Olivier Voyer.
18:10 of 3rd period - Alec McCrea is hit by Jacob Bernard-Docker and loses puck.
18:17 of 3rd period - Snap shot by Aaron Luchuk.
18:17 of 3rd period - Shot Blocked by Jacob Bernard-Docker.
18:27 of 3rd period - Jacob Bernard-Docker is hit by Trent Frederic and loses puck.
18:30 of 3rd period - Erie Otters, Keith Kinkaid is pulled from the net.
18:46 of 3rd period - Minor Penalty to Alex Petrovic for Holding.
18:47 of 3rd period - Keith Kinkaid from Erie Otters was sent back in the game.
18:47 of 3rd period - Raphael Lavoie wins face-off versus Andy Andreoff in Erie Otters zone.
18:48 of 3rd period - Snap shot by Max Comtois.
18:48 of 3rd period - Shot Misses the Net.
18:50 of 3rd period - Slapshot by Ville Heinola.
18:50 of 3rd period - Goal by Ville Heinola - Newfoundland Shamrocks : 4 - Erie Otters : 2.
18:51 of 3rd period - Tanner Laczynski wins face-off versus Aaron Luchuk in neutral zone.
18:54 of 3rd period - Snap shot by Riley Barber.
18:54 of 3rd period - Stopped by Keith Kinkaid without a rebound.
18:55 of 3rd period - Aaron Luchuk wins face-off versus Tanner Laczynski in Erie Otters zone.
19:00 of 3rd period - Slapshot by Alex Biega.
19:00 of 3rd period - Stopped by Dustin Tokarski with a rebound.
19:02 of 3rd period - Slapshot by Alex Biega.
19:02 of 3rd period - Shot Blocked by Dylan Coghlan.
19:04 of 3rd period - Slapshot by Alex Biega.
19:04 of 3rd period - Stopped by Dustin Tokarski with a rebound.
19:28 of 3rd period - Slapshot by Alex-Olivier Voyer.
19:28 of 3rd period - Shot Blocked by Max Comtois.
19:58 of 3rd period - Alex Biega is hit by Alec Regula and loses puck.
Goals for this period are 1 for Newfoundland Shamrocks vs 1 for Erie Otters.
Shots for this period are 10 for Newfoundland Shamrocks vs 16 for Erie Otters.
Back to the Top